cohdb
Replays
Latest Replays
All Replays
Popular Replays
Top Player Replays
Match Explorer
How It Works
Community
CoH3 Stats
Reddit
Sign in to upload your games and track your stats! →
Sign in with Steam
Match 24067152
Unlisted
Match 24067152
Overview
Messages
Build Orders
End
Royal Engineer Section
Construct Section Command Post
Selects Heavy Armor Battlegroup
Dingo Light Scout Car
Infantry Section
Selects Engineer Detachments
Royal Engineer Section
Infantry Section
Construct Platoon Command Post
Humber Armored Car
Construct Field Infirmary
teaspoon
Le Sharkbird
0
0
Comments
sign in to comment!
No comments posted yet!